AoeStats
← xViniB

Black Forest

507687695Analyzed
2v2 RM · 13d ago on Sep 19, 2026· 38m 10s· 4 players
Game mode
Random Map
Map size
Medium (4 player)
Population
200
Speed
Normal
Resources
Standard
Victory
Conquest
Starting age
Dark Age
Ending age
Imperial Age
RankedLock teamsTeams togetherTeam positionsShared explorationLock speedFull tech treeHidden civsTurbo modeCheats
Victory
Defeat
🇦🇺 Goths · Australia
992
+17
🇦🇺 Bohemians · Australia
969
+17
🇹🇷 Persians · Türkiye
1011
-17
🇨🇱 Bulgarians · Chile
996
-48
j.larrain.u
13:30 Feudal Age
14:08 Horse Collar
16:23 Wheelbarrow
17:00 Double-Bit Axe
20:40 Castle Age
26:19 Heavy Plow
26:21 Pikeman
1402ankara
0:30 Loom
13:28 Feudal Age
13:54 Double-Bit Axe
18:35 Castle Age
17:11 Gold Mining
18:13 Forging
17:59 Horse Collar
19:43 Town Watch
20:50 Horse Collar
21:57 Heavy Plow
26:01 Wheelbarrow
27:24 Stone Mining
30:48 Stone Shaft Mining
30:30 Bloodlines
30:21 Husbandry
30:51 Kamandaran
31:36 Gold Shaft Mining
31:37 Crossbowman
34:06 Thumb Ring
34:04 Padded Archer Armor
36:40 Hand Cart
xViniB
8:34 Loom
11:55 Feudal Age
13:17 Wheelbarrow
18:24 Castle Age
19:19 Hand Cart
21:25 Double-Bit Axe
24:53 Horse Collar
27:28 Gold Mining
31:39 Imperial Age
29:32 Heavy Plow
30:24 Squires
30:31 Anarchy
30:47 Scale Mail Armor
31:44 Forging
31:49 Chain Mail Armor
32:27 Perfusion
32:47 Conscription
33:23 Bow Saw
34:05 Iron Casting
33:24 Elite Huskarl
xXTiroNoChakraXx
0:33 Loom
12:40 Feudal Age
16:17 Forging
16:51 Man-at-Arms
22:08 Castle Age
26:04 Iron Casting
25:33 Scale Mail Armor
27:22 Double-Bit Axe
28:40 Chain Mail Armor
30:22 Long Swordsman
31:07 Squires
34:37 Wheelbarrow
34:28 Arson
35:15 Fervor
34:57 Horse Collar
35:45 Pikeman
40:00 Imperial Age
Connection lost

Rejoining the realm…

Still unreachable

The connection could not be restored.

Session expired

The server has moved on; the page needs a fresh start.